AoeStats
← renatoherrera1999

Black Forest

509806060Analyzed
3v3 RM · 4d ago on Sep 28, 2026· 53m 23s· 6 players
Game mode
Random Map
Map size
Normal (6 player)
Population
200
Speed
Normal
Resources
Standard
Victory
Conquest
Starting age
Dark Age
Ending age
Imperial Age
RankedLock teamsTeams togetherTeam positionsShared explorationLock speedFull tech treeHidden civsTurbo modeCheats
Victory
Defeat
🇵🇪 Saracens · Peru
872
+13
🇵🇪 Britons · Peru
872
+13
🇵🇪 Persians · Peru
871
+13
🇵🇪 Franks · Peru
837
-14
🇲🇳 Britons · Mongolia
802
-13
🇨🇳 Malians · China
787
-12
renatoherrera1999
11:35 Feudal Age
11:48 Loom
12:02 Double-Bit Axe
14:01 Wheelbarrow
13:29 Gold Mining
23:24 Castle Age
23:18 Man-at-Arms
24:03 Scale Mail Armor
23:54 Gambesons
24:26 Long Swordsman
25:36 Forging
25:59 Bow Saw
27:21 Stone Mining
29:07 Hand Cart
32:26 Squires
31:48 Pikeman
37:01 Imperial Age
37:10 Imperial Age
34:35 Town Watch
36:54 Husbandry
39:19 Halberdier
39:45 Arson
42:16 Chemistry
40:51 Cavalier
51:14 Two-Handed Swordsman
51:55 Elite Throwing Axeman
雷霆半月斩
5:32 Loom
10:10 Feudal Age
11:27 Double-Bit Axe
11:24 Horse Collar
17:25 Castle Age
19:02 Bow Saw
19:44 Heavy Plow
20:01 Gold Mining
20:03 Stone Mining
29:11 Stone Shaft Mining
29:13 Gold Shaft Mining
33:09 Imperial Age
31:21 Caravan
32:37 Masonry
32:07 Treadmill Crane
32:42 Forging
32:33 Scale Mail Armor
32:38 Scale Barding Armor
33:42 Wheelbarrow
32:54 Town Watch
33:39 Tigui
33:45 Squires
33:31 Arson
33:07 Pikeman
34:44 Crop Rotation
34:30 Husbandry
34:43 Bloodlines
35:00 Hand Cart
35:18 Coinage
34:59 Guilds
34:25 Cavalier
35:56 Architecture
37:45 Iron Casting
37:25 Chain Mail Armor
37:31 Chain Barding Armor
36:43 Elite Gbeto
41:00 Elite Skirmisher
42:54 Farimba
43:15 Conscription
43:32 Hoardings
45:12 Hoardings
49:27 Chemistry
48:47 Ballistics
asd_mng
0:41 Loom
13:54 Feudal Age
20:18 Castle Age
19:33 Double-Bit Axe
21:15 Wheelbarrow
25:32 Fervor
25:55 Fletching
29:24 Caravan
29:57 Coinage
29:48 Bodkin Arrow
31:09 Squires
30:30 Pikeman
31:01 Gambesons
31:33 Forging
31:24 Padded Archer Armor
32:29 Gold Mining
41:09 Imperial Age
38:56 Hand Cart
38:39 Arson
38:59 Scale Mail Armor
39:34 Iron Casting
40:05 Yeomen
41:16 Halberdier
42:42 Banking
42:22 Guilds
43:00 Conscription
43:55 Horse Collar
44:27 Bow Saw
44:00 Elite Longbowman
44:45 Bracer
45:46 Blast Furnace
45:02 Leather Archer Armor
45:03 Chain Mail Armor
46:09 Warwolf
48:43 Ballistics
49:24 Chemistry
49:27 Murder Holes
arzet!!!
1:12 Loom
16:20 Feudal Age
20:48 Horse Collar
24:41 Castle Age
25:15 Double-Bit Axe
26:17 Bow Saw
28:27 Gold Mining
29:03 Stone Mining
29:17 Heavy Plow
36:24 Bloodlines
36:14 Husbandry
39:59 Imperial Age
39:03 Gold Shaft Mining
39:06 Stone Shaft Mining
39:26 Gold Shaft Mining
40:31 Ballistics
40:15 Town Watch
41:05 Wheelbarrow
41:36 Conscription
41:34 Citadels
41:30 Town Patrol
42:33 Chemistry
42:03 Hand Cart
41:15 Cavalier
42:44 Crop Rotation
44:02 Two-Man Saw
43:26 Scale Barding Armor
43:22 Padded Archer Armor
43:18 Fletching
43:46 Forging
43:15 Savar
45:10 Chain Barding Armor
44:52 Bodkin Arrow
50:03 Iron Casting
50:04 Plate Barding Armor
52:47 Blast Furnace
Pendergast
0:32 Loom
12:13 Feudal Age
16:47 Castle Age
15:10 Double-Bit Axe
15:44 Horse Collar
19:07 Bow Saw
21:58 Heavy Plow
22:47 Wheelbarrow
32:15 Imperial Age
29:33 Town Watch
29:34 Loom
30:05 Scale Barding Armor
31:12 Coinage
31:27 Chain Barding Armor
30:58 Fletching
32:19 Hand Cart
32:23 Husbandry
32:33 Bloodlines
34:02 Chemistry
32:59 Bodkin Arrow
33:05 Gold Mining
33:07 Stone Mining
33:41 Siege Engineers
33:45 Heavy Camel Rider
35:08 Plate Barding Armor
34:35 Bracer
35:32 Banking
36:02 Elite Skirmisher
37:06 Forging
38:04 Two-Man Saw
37:42 Thumb Ring
38:06 Conscription
37:07 Elite Mameluke
38:32 Caravan
39:40 Ballistics
39:31 Masonry
41:26 Scale Mail Armor
41:28 Padded Archer Armor
42:04 Iron Casting
45:26 Blast Furnace
44:41 Leather Archer Armor
47:02 Hoardings
48:26 Bimaristan
54:16 Ring Archer Armor
Quepex
0:28 Loom
13:52 Feudal Age
14:28 Double-Bit Axe
15:42 Wheelbarrow
19:11 Castle Age
17:49 Horse Collar
19:19 Stone Mining
21:16 Wheelbarrow
22:38 Bow Saw
25:48 Gold Mining
27:25 Heavy Plow
29:18 Hand Cart
30:08 Gold Shaft Mining
33:21 Imperial Age
31:22 Fletching
31:32 Padded Archer Armor
33:23 Yeomen
33:01 Bodkin Arrow
33:22 Leather Archer Armor
33:18 Forging
34:27 Bracer
34:26 Murder Holes
34:43 Masonry
36:47 Hand Cart
36:17 Pikeman
37:15 Arson
37:30 Squires
38:48 Caravan
39:18 Coinage
38:59 Guilds
40:48 Ring Archer Armor
40:54 Iron Casting
40:23 Scale Mail Armor
41:17 Warwolf
41:05 Man-at-Arms
41:30 Gambesons
43:30 Two-Man Saw
42:35 Elite Longbowman
45:09 Halberdier
46:21 Ballistics
45:43 Treadmill Crane
45:54 Guard Tower
46:33 Capped Ram
48:43 Long Swordsman
49:46 Two-Handed Swordsman
52:15 Blast Furnace
51:31 Chain Mail Armor
51:08 Arrowslits
51:58 Keep
51:55 Architecture
54:05 Banking
53:46 Guilds
53:49 Scale Barding Armor
Connection lost

Rejoining the realm…

Still unreachable

The connection could not be restored.

Session expired

The server has moved on; the page needs a fresh start.